 Dungeon Crawl Stone Soup version 0.24.0-13-gcf9b3192b9 (webtiles) character file.

Game seed: 4344111064830692239, levelgen mode: deterministic

385 Gumption the Sneak (level 6, 0/36 HPs)
             Began as an Octopode Wizard on Nov 9, 2019.
             Slain by a hippogriff (8 damage)
             ... on level 4 of the Dungeon.
             The game lasted 00:27:52 (4585 turns).

Gumption the Sneak (Octopode Wizard)                Turns: 4585, Time: 00:27:53

Health: 0/36       AC:  1    Str:  6    XL:     6   Next: 77%
Magic:  0/20       EV: 14    Int: 22    God:
Gold:   182        SH:  0    Dex: 11    Spells: 1/12 levels left

rFire    . . .     SeeInvis .   a - +4 scimitar
rCold    . . .     Gourm    .   (no shield)
rNeg     . . .     Faith    .   d - +0 hat
rPois    .         Spirit   .   s - amulet of rage
rElec    .         Reflect  .   x - ring of magical power
rCorr    .         Harm     .   (no ring)
MR       .....                  (no ring)
Stlth    +++++.....             (no ring)
HPRegen  0.12/turn              (no ring)
MPRegen  0.17/turn              (no ring)
                                (no ring)
                                (no ring)

@: no status effects
A: almost no armour, stealthy swim, amphibious, 8 rings, constrict 8, camouflage
1, gelatinous body 1
a: Evoke Berserk Rage


You were on level 4 of the Dungeon.
You were not hungry.

You visited 1 branch of the dungeon, and saw 4 of its levels.

You collected 182 gold pieces.

Inventory:

Hand Weapons
 a - a +4 scimitar (weapon)
Missiles
 b - 100 stones
 c - 7 boomerangs (quivered)
 r - 6 poisoned darts
Armour
 d - a +0 hat (worn)
Jewellery
 p - an uncursed ring of fire
 s - an amulet of rage (around mantle)
 x - a ring of magical power (left tentacle)
Wands
 m - a wand of polymorph (14)
 y - a wand of iceblast (6)
Scrolls
 f - 2 scrolls of identify {unknown}
 h - a scroll of magic mapping
 k - 2 scrolls of teleportation {unknown}
 l - a scroll of fog {unknown}
 o - a scroll of remove curse
 u - a scroll of noise {unknown}
Potions
 g - 3 potions of curing
 i - 3 potions of flight {unknown}
 j - a potion of resistance {unknown}
 n - 2 potions of agility {unknown}
 q - a potion of brilliance {unknown}
 t - a potion of degeneration {unknown}
 v - a potion of ambrosia {unknown}
 w - a potion of berserk rage {unknown}
Comestibles
 e - 10 rations


   Skills:
 + Level 3.3 Dodging
 + Level 4.5 Stealth
 + Level 3.8 Spellcasting
 * Level 3.7 Conjurations
 - Level 1.0 Summonings
 - Level 1.0 Translocations
 + Level 1.7 Air Magic
 + Level 2.2 Poison Magic


You had one spell level left.
You knew the following spells:

 Your Spells              Type           Power        Failure   Level  Hunger
a - Magic Dart            Conj           ###.         2%          1    None
b - Call Imp              Summ           #.......     12%         2    #......
c - Blink                 Tloc           N/A          12%         2    #......
d - Mephitic Cloud        Conj/Pois/Air  ###.....     12%         3    ###....
e - Conjure Flame         Conj/Fire      ##......     16%         3    ###....

Your spell library contained the following spells:

 Spells                   Type           Power        Failure   Level  Hunger
 Beastly Appendage        Tmut           #.....       12%         1    None
 Slow                     Hex            #.......     17%         2    #......
 Sticks to Snakes         Tmut           #.......     17%         2    #......
 Spider Form              Tmut/Pois      #.........   22%         3    ###....
 Ice Form                 Ice/Tmut       #.......     75%         4    ####...
 Blade Hands              Tmut           #.........   97%         5    ######.


Dungeon Overview and Level Annotations

Branches:
Dungeon (4/15)
 Temple: D:4-7

Altars:
Elyvilon
Fedhas
Nemelex Xobeh
Qazlal
Xom

Shops:
D:4 }

Annotations:
D:4 2 transporters, 1 runed translucent door, exclusion: hippogriff, Crazy Yiuf; Pocketmage's ghost, amateur TeBe


Innate Abilities, Weirdness & Mutations

You cannot wear most types of armour.
You are very stealthy in the water. (Stealth+)
You are amphibious.
You can wear up to eight rings at the same time.
You can use your tentacles to constrict eight enemies at once.
Your skin changes colour to match your surroundings (Stealth+).
Your rubbery body absorbs attacks. (AC +1, EV +1)


Message History

Your Poison Magic skill increases to level 2!
Things that are here:
a +0 rapier; a +0 leather armour; the elf corpse of Duvessa The hippogriff screeches!
Found a ration.
Casting: Magic Dart (safe; 2% risk of failure)
Confirm with . or Enter, or press ? or * to list all spells.
Aiming: Mephitic Cloud (safe; 12% risk of failure)
Press: ? - help, Shift-Dir - straight line, f - hippogriff
Aim: a hippogriff (water)
The ball explodes into a vile cloud!
The stinking cloud engulfs the hippogriff but does no damage.
The hippogriff is engulfed in noxious fumes.
You hit the hippogriff.
The hippogriff is lightly wounded.
The hippogriff is engulfed in noxious fumes.
The hippogriff appears confused.
The hippogriff bites you!
* * * LOW HITPOINT WARNING * * *
The hippogriff completely misses you. The hippogriff claws you!
You die...
PPPP#PPPP.%..♣P PPP#P♣PPPPP...#

♣.......PPPP.#P
..≈≈.≈≈..PPPPPP
PP..≈≈≈.≈≈≈..PPPP#
♣..≈≈≈≈.≈≈≈≈..PP#
P.≈≈≈≈≈.≈≈≈≈≈.PP♣P
..≈≈≈≈...≈@≈≈.PPPP
P.≈≈≈≈._.°H≈≈.P#P#
#
P.≈≈≈≈...≈○≈≈.PPPP
#
P.≈≈≈≈≈≈≈≈≈○≈.#P.♣
###
P..≈≈≈≈≈≈≈≈≈..PP♣P
..#
PP..≈≈≈≈≈≈≈..#PP#
..#
PPP..≈≈)≈≈..PP##♣
..#
PP#P.....).P♣PPPP
###


PPPPP.#.#♣PP♣♣PPPP You could see a hippogriff (confused).

Vanquished Creatures
  Duvessa (D:4)
  Dowan (D:4)
  A scorpion (D:4)
  A worker ant (D:4)
  Robin (D:4)
  7 adders
  4 oozes
  A worm (D:4)
  3 dart slugs
  2 leopard geckos
  6 orcs
  A giant cockroach (D:2)
  14 goblins
  8 hobgoblins
  6 jackals
  A quokka (D:3)
  8 bats
  3 frilled lizards
  7 kobolds
  7 rats
83 creatures vanquished.

Vanquished Creatures (others)
  9 toadstools (D:4)
9 creatures vanquished.

Grand Total: 92 creatures vanquished

Notes
Turn   | Place    | Note
-------+----------+-------------------------------------------
     0 | D:1      | Gumption the Octopode Wizard began the quest for the Orb.
     0 | D:1      | Reached XP level 1. HP: 11/11 MP: 4/4
   456 | D:1      | Reached skill level 3 in Stealth
   456 | D:1      | Reached XP level 2. HP: 11/17 MP: 0/6
   571 | D:1      | Learned a level 2 spell: Call Imp
   574 | D:1      | Learned a level 2 spell: Blink
   835 | D:1      | Reached XP level 3. HP: 21/21 MP: 0/7
  1449 | D:2      | Found a shimmering altar of Xom.
  1967 | D:2      | Reached XP level 4. HP: 27/27 MP: 3/9
  2021 | D:2      | Learned a level 3 spell: Mephitic Cloud
  2424 | D:3      | Found a stormy altar of Qazlal.
  2513 | D:3      | Reached XP level 5. HP: 22/31 MP: 4/10
  2608 | D:3      | Found a white marble altar of Elyvilon.
  2777 | D:3      | Reached skill level 1 in Poison Magic
  2831 | D:3      | Learned a level 3 spell: Conjure Flame
  2880 | D:3      | Found a sparkling altar of Nemelex Xobeh.
  3176 | D:3      | Reached skill level 1 in Air Magic
  3672 | D:4      | Noticed Robin
  3702 | D:4      | Killed Robin
  3715 | D:4      | Reached skill level 4 in Stealth
  3899 | D:4      | Noticed a hippogriff
  3922 | D:4      | Found Fezudun's Gadget Shop.
  3965 | D:4      | Reached XP level 6. HP: 7/36 MP: 11/11
  4342 | D:4      | Found a transporter.
  4342 | D:4      | Noticed Pocketmage's ghost (amateur TeBe)
  4373 | D:4      | Found a transporter.
  4479 | D:4      | Found a runed translucent door.
  4480 | D:4      | Noticed Crazy Yiuf
  4551 | D:4      | Found a blossoming altar of Fedhas.
  4551 | D:4      | Noticed Duvessa
  4551 | D:4      | Noticed Dowan
  4557 | D:4      | Killed Dowan
  4572 | D:4      | Killed Duvessa
  4585 | D:4      | Slain by a hippogriff

Levels and vault maps discovered:
D:1:      dpeg_arrival_shrine, layout_rooms
D:2:      minmay_skewed_foursquare, layout_basic, lemuel_round_altar
D:3:      minmay_angry_zag, layout_basic, grunt_qazlal_clouds,
          nemelex_xobeh_ov_fountains_minmay, elyvilon_altar_5, first_ration
D:4:      layout_rooms, lemuel_crystal_altar, tgw_fedhas, serial_shops,
          kennysheep_mini_moat, gammafunk_ghost_arena, uniq_duvessa, uniq_robin,
          uniq_crazy_yiuf_cottage

Skill      XL: |  1  2  3  4  5  6 |
---------------+-------------------+-----
Stealth        | 3 4 |  4.5
Conjurations   | 2 3 |  3.7
Poison Magic   | 1 2 |  2.2
Air Magic      | 1 |  1.7
Dodging        | 3 |  3.3
Spellcasting   | |  3.8
Summonings     | |  1.0
Translocations | |  1.0

Action                   |  1- 3 |  4- 6 || total
-------------------------+-------+-------++-------
Melee: Unarmed           |     8 |       ||     8
       Constrict         |     6 |    16 ||    22
       Tentacles         |     5 |     8 ||    13
       Short sword       |    19 |    59 ||    78
       Scimitar          |       |     2 ||     2
Throw: Boomerang         |     5 |       ||     5
 Cast: Magic Dart        |    67 |   127 ||   194
       Mephitic Cloud    |       |     2 ||     2
  Use: Scroll            |     1 |     1 ||     2
       Potion            |     1 |     1 ||     2
 Stab: Sleeping          |     2 |     1 ||     3
       Confused          |       |     1 ||     1
  Eat: Chunk             |     3 |     8 ||    11
Armor: Skin              |     1 |    13 ||    14
Dodge: Dodged            |    16 |    45 ||    61
       Rpst.: Scimitar   |       |     1 ||     1
